 Dungeon Crawl Stone Soup version 0.18.1-1-g2f07953 (webtiles) character file.

3560 AlphabetPasta the Chucker (level 9, -3/64 HPs)
             Began as a Mummy Hunter on May 8, 2016.
             Was a Believer of Ashenzari.
             Slain by a soldier ant (14 damage)
             ... on level 8 of the Dungeon.
             The game lasted 00:41:23 (9715 turns).

AlphabetPasta the Chucker (Mummy Hunter)            Turns: 9715, Time: 00:41:23

Health: -3/64      AC: 10    Str: 19    XL:     9   Next: 83%
Magic:  11/11      EV: 12    Int: 10    God:    Ashenzari [**....]
Gold:   446        SH:  0    Dex: 12    Spells: 0 memorised, 8 levels left

rFire  x . .     SeeInvis .     k - +3 quarterstaff (chaos)
rCold  + . .     Gourm    .     v - +0 ring mail
rNeg   + + +     Faith    .     (shield currently unavailable)
rPois  ∞         Spirit   .     (no helmet)
rElec  .         Dismiss  .     j - +0 cloak
rCorr  .         Reflect  .     n - +0 pair of gloves
SustAt .         Harm     .     e - +1 pair of boots
MR     ++...                    (no amulet)
Stlth  +.........               (no ring)
                                r - ring of protection from magic

@: very resistant to hostile enchantments, very unstealthy
A: no food or potions, fire vulnerability, cold resistance 1, negative energy
resistance 3, torment resistance, unbreathing
a: Curse Item, Scrying, Renounce Religion


You were on level 8 of the Dungeon.
You worshipped Ashenzari.
Ashenzari was pleased with you.
You were not hungry.

You visited 1 branch of the dungeon, and saw 8 of its levels.
You also visited: Ossuary.

You collected 446 gold pieces.

Inventory:

Hand Weapons
 a - a +1 hand axe
 b - a +1 hand crossbow
 i - a +0 short sword
 k - a +3 quarterstaff of chaos (weapon)
Missiles
 u - 13 poisoned needles
Armour
 c - a +0 leather armour
 e - a +1 pair of boots (worn)
 j - a +0 cloak (worn)
 n - a +0 pair of gloves (worn)
 v - a +0 ring mail (worn)
Jewellery
 m - an uncursed ring of resist corrosion
 p - an uncursed ring of wizardry
 r - a ring of protection from magic (left hand)
Wands
 l - a wand of lightning (3/15)
 q - a wand of enslavement (9/24)
 s - a wand of digging (18/24)
Scrolls
 f - a scroll of remove curse
 g - 2 scrolls of magic mapping
 h - 10 scrolls of identify
 o - a scroll of blinking
 t - 2 scrolls of fog


   Skills:
 - Level 3.2 Fighting
 * Level 5.4 Axes
 - Level 5.1 Crossbows
 * Level 5.5 Throwing
 + Level 4.3 Armour
 + Level 4.5 Dodging
 - Level 0.7 Stealth
 + Level 3.5 Evocations


You had 8 spell levels left.
You didn't know any spells.

Dungeon Overview and Level Annotations

Branches:
Dungeon (8/15)             Temple (0/1) D:6
   Lair: D:8-11

Altars:
Ashenzari
Dithmenos
Elyvilon
Fedhas
Makhleb
Nemelex Xobeh
Sif Muna
Xom
Yredelemnul
The Shining One

Shops:
D:5 *


Innate Abilities, Weirdness & Mutations

You do not eat or drink.
Your flesh is vulnerable to fire.
You are immune to poison.
Your flesh is cold resistant.
You are immune to negative energy.
You are immune to unholy pain and torment.
You can survive without breathing.


Message History

The soldier ant barely misses you. The soldier ant stings you.
You barely miss the soldier ant.
The soldier ant is heavily wounded.
The soldier ant stings you. The soldier ant stings you!
* * * LOW HITPOINT WARNING * * *
You hit the soldier ant.
There is a sudden explosion of sparks!
The soldier ant is severely wounded.
The soldier ant stings you but does no damage.
The soldier ant barely misses you.
You hit the soldier ant but do no damage.
You drain the soldier ant!
The soldier ant is severely wounded.
The soldier ant stings you.
* * * LOW HITPOINT WARNING * * *
The soldier ant closely misses you.
You hit the soldier ant but do no damage.
The soldier ant is poisoned.
The soldier ant is severely wounded.
The soldier ant stings you!
You die...

#..........#........, *
#..........#......., ,*
#..........#....(. , ,
#..........#...a# ** ..,
#............a(.##.# ...,
#..........#.(.....# * #..,
#.##...#####(.#*
#..######)...#.####(..####..
.......)........@a..........
......##..####†####...####.#,
.........## ,#...#....# *
......#####..#†.......# *,
........###..#....##..#
....#.#..#.......###...* *,
....#.##.....((..# ##...*
.............#...# .#..
....#.##....##...# #.###. ,


You could see a soldier ant (berserk).

Vanquished Creatures
  2 hippogriffs (D:7)
  3 soldier ants (D:8)
  2 water moccasins (D:7)
  A sky beast (D:5)
  An ice beast (D:6)
  A phantom (D:7)
  A necrophage (D:8)
  4 ogres
  3 centaurs
  An elf zombie (Ossuary)
  The ghost of Eucla the Slasher, an amateur TeSk (D:3)
  A giant frog (D:6)
  A scorpion (D:6)
  4 killer bees (D:8)
  3 wights (D:8)
  3 howler monkeys
  A crimson imp (D:6)
  A centaur zombie (Ossuary)
  A giant frog zombie (D:7)
  A jelly (D:7)
  5 orc priests
  A centaur skeleton (D:8)
  Crazy Yiuf (D:2)
  2 hounds (D:7)
  A human zombie (Ossuary)
  2 orc wizards (D:4)
  Jessica (D:2)
  An iguana (D:7)
  10 worker ants
  2 big kobold zombies (Ossuary)
  2 mummies (Ossuary)
  4 gnolls (D:3)
  17 adders
  A shadow imp (D:4)
  An adder zombie (Ossuary)
  An ooze (D:4)
  4 worms
  3 dart slugs
  4 giant geckos
  18 orcs
  3 giant cockroaches
  4 goblins
  12 hobgoblins
  12 jackals
  11 kobolds
  3 quokkas
  A ball python skeleton (D:5)
  4 bats
  A giant gecko skeleton (D:4)
  7 giant newts
  11 hobgoblin zombies (Ossuary)
  11 kobold zombies (Ossuary)
  7 orc zombies (Ossuary)
  13 rats
  2 rat zombies (Ossuary)
219 creatures vanquished.

Notes
Turn   | Place    | Note
--------------------------------------------------------------
     0 | D:1      | AlphabetPasta the Mummy Hunter began the quest for the Orb.
     0 | D:1      | Reached XP level 1. HP: 16/16 MP: 1/1
   330 | D:1      | Reached XP level 2. HP: 17/22 MP: 2/2
   807 | D:1      | Reached XP level 3. HP: 28/28 MP: 3/3
  1011 | D:2      | Found a sparkling altar of Nemelex Xobeh.
  1040 | D:2      | Found a blossoming altar of Fedhas.
  1135 | D:2      | Reached XP level 4. HP: 34/34 MP: 4/4
  1463 | D:2      | Noticed Crazy Yiuf
  1467 | D:2      | Killed Crazy Yiuf
  1467 | D:2      | Reached skill level 1 in Armour
  1467 | D:2      | Reached XP level 5. HP: 40/40 MP: 5/5
  1615 | D:2      | Noticed Jessica
  1618 | D:2      | Killed Jessica
  1772 | D:3      | Found a shattered altar of Ashenzari.
  1846 | D:3      | Noticed Eucla's ghost (amateur TeSk)
  1861 | D:3      | Killed Eucla's ghost
  1861 | D:3      | Reached XP level 6. HP: 11/47 MP: 6/6
  2279 | D:3      | Found a faded altar to an unknown god.
  2285 | D:3      | Became a worshipper of Ashenzari the Shackled
  2285 | D:3      | Reached * piety under Ashenzari
  2318 | D:3      | Reached skill level 5 in Crossbows
  3499 | D:4      | Reached skill level 1 in Axes
  3505 | D:4      | Reached skill level 1 in Throwing
  3653 | D:4      | Found a basalt altar of Yredelemnul.
  3723 | D:4      | Found a shadowy altar of Dithmenos.
  3744 | D:4      | Reached XP level 7. HP: 24/52 MP: 7/7
  3790 | D:4      | Found a shimmering altar of Xom.
  3988 | D:4      | Found a white marble altar of Elyvilon.
  4083 | D:4      | Found a glowing golden altar of the Shining One.
  4486 | D:5      | Entered Level 5 of the Dungeon
  4544 | D:5      | Found Ulosenk's Elemental Accessories.
  5294 | D:5      | Found a deep blue altar of Sif Muna.
  5397 | D:6      | Reached skill level 1 in Evocations
  5455 | D:6      | Reached XP level 8. HP: 29/58 MP: 8/8
  5492 | D:6      | Found a sand-covered staircase.
  5504 | Ossuary  | Entered an ossuary
  5698 | Ossuary  | Reached ** piety under Ashenzari
  6365 | D:6      | Found a staircase to the Ecumenical Temple.
  7356 | D:7      | Found a burning altar of Makhleb.
  7356 | D:7      | Noticed a balrug
  7359 | D:7      | Noticed a smoke demon
  7485 | D:7      | Reached XP level 9. HP: 39/64 MP: 11/11
  9011 | D:8      | Reached skill level 5 in Throwing
  9349 | D:8      | Reached skill level 5 in Axes
  9715 | D:8      | Slain by a soldier ant

Skill      XL: |  1  2  3  4  5  6  7  8  9 |
---------------+----------------------------+-----
Crossbows      | 4 5 |  5.1
Dodging        | 2 3 4 |  4.5
Armour         | 1 2 3 4 |  4.3
Fighting       | 3 |  3.2
Axes           | 1 2 4 5 |  5.4
Throwing       | 1 2 4 5 |  5.5
Evocations     | 1 2 3 |  3.5
Stealth        | |  0.7

Action                   |  1- 3 |  4- 6 |  7- 9 || total
-------------------------+-------+-------+-------++-------
Melee: Short sword       |   109 |    18 |       ||   127
       Quarterstaff      |       |   104 |   239 ||   343
       Hand axe          |       |       |   151 ||   151
 Fire: Hand crossbow     |    25 |    56 |   158 ||   239
Evoke: Wand              |       |       |    14 ||    14
  Use: Scroll            |       |     5 |     6 ||    11
 Stab: Sleeping          |       |     2 |     2 ||     4
       Paralysed         |       |       |     3 ||     3
Armor: Leather armour    |    32 |    38 |   155 ||   225
       Ring mail         |       |       |     7 ||     7
Dodge: Dodged            |    63 |    75 |   271 ||   409
